 Dungeon Crawl Stone Soup version 0.16-a0-113-gc8d9654 (webtiles) character file.

283246 Ratboiler the Tortoise (level 20, -38/187 HPs)
             Began as a Minotaur Fighter on Aug 10, 2014.
             Was a Believer of the Shining One (penitent).
             Annihilated by a white very ugly thing (88 damage)
             ... on Level 2 of the Depths on Aug 11, 2014.
             The game lasted 05:00:06 (58321 turns).

Ratboiler the Tortoise (Minotaur Fighter)          Turns: 58321, Time: 05:00:07

HP -38/187       AC 27     Str 21      XL: 20   Next: 41%
MP  32/32        EV 27     Int 10      God: *the Shining One
Gold 3031        SH 13     Dex 22      Spells:  4 memorised, 12 levels left

rFire  + + .     SeeInvis .     a - +2 war axe (freeze)
rCold  x . .     Clarity  .     O - +1 fire dragon armour
rNeg   + . .     rCorr    .     c - +0 shield
rPois  .         rRot     .     r - +2 hat {Int+3}
rElec  .         Spirit   .     H - +2 cloak
SustAb .         Warding  .     J - +0 pair of gloves {archery}
rMut   +         Stasis   .     G - +1 pair of boots
Gourm  .                        x - amulet of resist mutation
MR     +++..                    W - ring of protection from magic
                                B - ring of protection from magic

@: agile, extremely resistant to hostile enchantments, very unstealthy
A: retaliatory headbutt, horns 2
a: Renounce Religion


You were on level 2 of the Depths.
You worshipped the Shining One.
The Shining One was demanding penance.
You were not hungry.

You visited 7 branches of the dungeon, and saw 40 of its levels.
You also visited: Sewer, Bailey, Ice Cave and Volcano.

You collected 5584 gold pieces.
You spent 2553 gold pieces at shops.

Inventory:

Hand weapons
 a - a +2 war axe of freezing (weapon)
 A - a +0 antimagic war axe
Missiles
 V - 8 javelins of penetration (quivered)
 Z - 7 silver javelins
Armour
 c - a +0 shield (worn)
 r - a +2 hat of intelligence (worn)
 G - a +1 pair of boots (worn)
 H - a +2 cloak (worn)
 J - a +0 pair of gloves of archery (worn)
 O - a +1 fire dragon armour (worn)
Magical devices
 e - a wand of teleportation (4)
 h - a wand of heal wounds (1)
 u - a wand of digging (15)
 v - a wand of flame (8)
 K - a wand of teleportation (4)
 N - a wand of confusion (15)
 S - a wand of disintegration (12)
 T - a wand of cold (3)
Comestibles
 d - 11 bread rations
 w - 6 rotting chunks of deep troll flesh
 I - 23 fruits
 Q - a beef jerky
 U - 8 chunks of fire dragon flesh
Scrolls
 f - 5 scrolls of blinking
 g - 7 scrolls of fog
 m - 15 scrolls of remove curse
 o - 11 scrolls of teleportation
 z - a scroll of identify
 C - 2 scrolls of fear
 E - a scroll of holy word
Jewellery
 x - an amulet of resist mutation (around neck)
 B - a ring of protection from magic (left hand)
 F - an uncursed amulet of faith
 L - a +5 ring of intelligence
 W - a ring of protection from magic (right hand)
Potions
 b - 2 potions of might
 k - 9 potions of curing
 n - 3 potions of haste
 s - a potion of berserk rage
 t - 4 potions of agility
 P - a potion of brilliance
 R - 5 potions of resistance
Miscellaneous
 i - a phial of floods (inert)
 j - a legendary deck of defence {the Blade}
 l - a lamp of fire (inert)
 p - a lamp of fire (inert)
 q - a fan of gales (inert)
 D - a legendary deck of destruction {the Storm}
 M - a legendary deck of defence {the Tomb}
 Y - a lamp of fire (inert)
Rods
 y - a +1 rod of inaccuracy (11/11)
   (You found it on level 6 of the Lair of Beasts)


   Skills:
 + Level 17.6 Fighting
 - Level 16.0 Axes
 - Level 10.5 Throwing
 + Level 20.1 Armour
 + Level 15.7 Dodging
 - Level 10.0 Shields
 - Level 12.0 Invocations
 + Level 14.1 Evocations


You had 12 spell levels left.
You knew the following spells:

 Your Spells              Type           Power        Failure   Level  Hunger
a - Swiftness             Chrm/Air       #.......     98%         2    ###....
b - Apportation           Tloc           #.........   92%         1    ##.....
c - Blink                 Tloc           N/A          98%         2    ###....
d - Repel Missiles        Chrm/Air       #.....       98%         2    ###....


Dungeon Overview and Level Annotations

Branches:
Dungeon (15/15)            Temple (0/1) D:7             Orc (4/4) D:9
    Elf (3/3) Orc:4          Lair (8/8) D:8           Swamp (3/5) Lair:4
  Snake (5/5) Lair:5        Slime (0/6) Lair:7       Vaults (0/5) D:14
 Depths (2/5) D:15

Altars:
Dithmenos
Elyvilon
Gozag
Makhleb
Nemelex Xobeh
Okawaru
Trog
Vehumet
Xom
Zin
The Shining One
Jiyva
Lugonu

Shops:
D:15 =   Orc:4 [[:   Elf:2 [

Portals:
Hell: Depths:1 Depths:2
Ziggurat: Depths:2

Annotations:
D:2 Sigmund
Lair:2 exclusion: oklob plant
Swamp:3 Mara


Innate Abilities, Weirdness & Mutations

You reflexively headbutt those who attack you in melee.
You have a pair of horns on your head.


Message History

The white very ugly thing basks in the mutagenic energy from its kin and changes!
The purple very ugly thing basks in the mutagenic energy from its kin and changes!
The white very ugly thing misses you.
Evoke which item? (* to show all) (? for menu, Esc to quit)
Aim the lamp in which direction?
Press: ? - help, Dir - move target cursor, f - white ugly thing
Aim: a white ugly thing The flames dance!
The trail of fire hits the white very ugly thing.
The white very ugly thing is heavily wounded.
The trail of fire hits the white very ugly thing.
The white very ugly thing is lightly wounded.
The trail of fire hits the white ugly thing.
The white ugly thing is lightly wounded.
The white very ugly thing is engulfed in roaring flames.
The white very ugly thing engulfs you!
* * * LOW HITPOINT WARNING * * *
The white very ugly thing freezes you!!!!
You feel a terrible chill!
You die...

#.#(######.#Eu...u.#
#..........#§#####.#
###(########u#...#.#
#.# #§#.#.#.# #(#
#u#.#.#.# . #[#
#§#.#.#u# ... #.#
#§#.#.#u######## ...
#.# #u#.#.#u..uu...#
8.. ##(#
#@#.##########.#
..####..# #.#....[#
..#....## #..####.#
8.#.#### ##.# #.#
..#.# ♣.♣ ##.# ....#
###♣♣.♣♣#..######.#
...##
#.................#
>..#
#.#♣♣.♣♣###########
.### #.# ♣.♣


You could see 2 very ugly things, 2 ugly things and a friendly fire elemental.

Vanquished Creatures
  4 deep elf blademasters (Elf:3)
  2 deep elf master archers (Elf:3)
  An octopode crusher (Depths:1)
  Frances (Swamp:1)
  A daeva (Depths:1)
  Kirke (Snake:1)
  A greater naga (Snake:4)
  A fire giant (D:15)
  4 deep elf sorcerers (Elf:3)
  A frost giant (IceCv)
  Maud (Lair:6)
  A balrug (Depths:1)
  3 emperor scorpions
  Gastronok (D:8)
  4 deep elf demonologists (Elf:3)
  4 very ugly things
  6 stone giants
  4 rakshasas (Depths:2)
  8 deep elf annihilators (Elf:3)
  A dire elephant (Depths:2)
  Snorg (Lair:6)
  9 deep elf death magi
  3 ettins
  5 deep elf high priests (Elf:3)
  2 fire dragons
  14 naga warriors
  An ice dragon (Depths:2)
  A ravenous feature mimic (Snake:3)
  A shambling mangrove (Swamp:3)
  8 hydras
  4 deep troll earth magi (Depths:1)
  4 centaur warriors
  14 death yaks
  2 tengu warriors (D:14)
  10 anacondas
  2 alligators
  An ogre mage (Depths:1)
  2 deep troll shamans
  Urug (D:12)
  A shock serpent (Snake:1)
  2 sun demons (Depths:1)
  2 spriggan berserkers (Depths:2)
  3 naga sharpshooters
  Nergalle (Lair:1)
  5 hell knights (Depths:2)
  4 spriggans (Swamp:3)
  2 orc high priests
  A fire crab (Lair:7)
  The ghost of Herrn the Skirmisher, an experienced VSFi of Cheibriados (Bailey)
  The ghost of ketsa the Hoplite, an experienced GrFi of Zin (Lair:1)
  An iron troll (Depths:2)
  23 deep elf knights
  A salamander mystic (Snake:4)
  A flayed ghost (Depths:1)
  9 deep trolls
  2 unseen horrors (D:15)
  12 deep elf summoners
  A swamp dragon (Swamp:3)
  6 orc knights
  4 naga ritualists
  An ice statue (IceCv)
  Pikel (D:8)
  2 sixfirhies
  4 hill giants
  A wizard (D:14)
  4 griffons
  12 mana vipers
  A necromancer (D:14)
  12 ugly things
  15 deep elf conjurers
  3 red wasps
  A cyclops (D:13)
  3 oklob plants
  14 elephants
  4 orc sorcerers (Orc:4)
  15 salamanders
  A sphinx skeleton (Volcano)
  A mermaid (shapeshifter) (Depths:2)
  29 black mambas
  A centaur zombie (D:12)
  Joseph (D:7)
  2 guardian serpents (Snake:4)
  A feature mimic (Orc:4)
  28 spiny frogs
  3 gargoyles
  9 naga magi
  2 torpor snails
  2 yaktaurs
  Psyche (D:8)
  3 iron devils
  9 komodo dragons
  An efreet (D:12)
  3 kobold demonologists (D:14)
  A small abomination (Elf:3)
  A fire drake (Lair:5)
  A smoke demon (Elf:3)
  A hellwing (Elf:3)
  10 deep elf priests
  A guardian mummy (Volcano)
  3 demonic crawlers (Elf:3)
  2 tengu conjurers
  10 giant leeches
  A red devil (D:14)
  5 jumping spiders
  17 polar bears
  29 blink frogs
  2 minotaur skeletons (Volcano)
  5 trolls
  26 ravens
  5 two-headed ogres
  3 bog bodies
  41 deep elf magi
  4 basilisks
  2 wyverns
  2 slime creatures (D:13)
  5 vampires
  9 redbacks
  2 flying skulls (Volcano)
  A water elemental (Depths:1)
  A wraith (D:12)
  13 humans (D:14)
  8 hippogriffs
  2 hogs (Snake:1)
  38 vampire mosquitoes
  29 deep elf fighters
  52 yaks
  16 swamp worms
  3 hill giant skeletons
  Edmund (D:7)
  A steam dragon (D:7)
  21 wolves
  2 mottled dragons
  A naga (shapeshifter) (D:13)
  A soldier ant (D:13)
  32 water moccasins
  An ogre zombie (D:14)
  30 nagas
  A soldier ant (shapeshifter) (Elf:2)
  9 porcupines
  6 yellow wasps
  A merfolk skeleton (Volcano)
  2 black bears
  A griffon simulacrum (D:15)
  2 sky beasts
  34 orc warriors
  A phantom (D:11)
  7 ice beasts
  A sky beast (shapeshifter) (Depths:2)
  7 swamp drakes
  18 ogres
  A manticore skeleton (Volcano)
  20 centaurs
  12 crocodiles
  A necrophage (D:9)
  3 boring beetles
  A lost soul (Elf:3)
  3 brain worms
  A komodo dragon zombie (D:12)
  A yaktaur zombie (D:15)
  47 giant frogs
  2 yaktaur skeletons
  17 insubstantial wisps
  2 big kobolds
  A cyclops skeleton (D:13)
  2 scorpions
  An eye of draining (D:13)
  18 wights
  18 killer bees
  4 electric eels (Lair:8)
  4 troll skeletons (Volcano)
  8 crimson imps
  A goliath beetle (D:7)
  A quasit (D:12)
  A kobold zombie (D:12)
  4 jellies
  A human zombie (D:14)
  22 orc priests
  11 hounds
  A two-headed ogre skeleton (D:8)
  An iron imp (D:14)
  A black bear skeleton (D:7)
  A giant frog skeleton (D:10)
  7 worker ants
  11 iguanas
  13 orange rats
  35 orc wizards
  8 sheep (Lair:1)
  2 ogre skeletons
  A mummy (Volcano)
  6 gnolls
  30 adders
  34 green rats
  6 shadow imps
  12 white imps (Lair:5)
  3 giant mites
  7 worms
  An adder skeleton (D:5)
  An adder zombie (D:7)
  6 oozes
  162 orcs
  13 goblins
  16 hobgoblins
  25 kobolds
  14 quokkas
  6 ball pythons
  24 bats
  8 giant cockroaches
  10 giant geckos
  6 giant newts
  A giant newt skeleton (D:5)
  2 giant spores
  A hobgoblin zombie (D:4)
  17 jackals
  A jackal zombie (D:5)
  A kobold skeleton (D:6)
  5 orc skeletons
  3 orc zombies
  15 rats
  A spectral orc (Lair:1)
  8 ballistomycetes
  A bush (D:6)
  A crawling corpse (Elf:3)
  7 fungi
  8 plants
1690 creatures vanquished.

Vanquished Creatures (collateral kills)
  The ghost of Liquorice the Sharpshooter, a mighty CeBe of Trog (Depths:1)
  A fire giant (Depths:2)
  3 frost giants
  A very ugly thing (Depths:1)
  A stone giant (Depths:1)
  An ettin (Depths:1)
  3 dire elephants (Depths:1)
  A merfolk javelineer (Depths:1)
  2 crystal guardians (D:14)
  A minotaur (Depths:1)
  A vault guard (D:14)
  An ice dragon (Depths:1)
  A rakshasa (Depths:2)
  A deep troll earth mage (Depths:1)
  An ogre mage (Depths:1)
  4 death yaks (Depths:1)
  A vampire mage (Depths:1)
  An orc high priest (Orc:4)
  A deep troll (Depths:1)
  A hill giant (Depths:1)
  2 deep elf conjurers (Elf:3)
  An orc knight (Orc:4)
  A necromancer (D:14)
  2 griffons
  2 manticores
  3 ugly things (Depths:1)
  A naga mage (Snake:4)
  An orange crystal statue (D:14)
  A demonic crawler (Elf:1)
  A blue devil (Orc:4)
  A deep elf priest (Elf:3)
  A giant leech (Lair:8)
  A jumping spider (Elf:3)
  A two-headed ogre (Depths:1)
  A water elemental (Depths:1)
  2 deep elf magi
  7 humans (D:14)
  A naga (Snake:4)
  4 human zombies (D:14)
  3 ogres (Depths:1)
  A giant frog (D:14)
  A scorpion (D:14)
67 creatures vanquished.

Vanquished Creatures (others)
  A daeva (Depths:1)
  2 angels
  A deep elf high priest (Elf:3)
  A wizard (Depths:2)
  A black mamba (Snake:3)
  2 water elementals
  12 fire elementals
  2 air elementals (Snake:4)
  2 polar bears (IceCv)
  A human (Snake:1)
  A deep elf fighter (Elf:1)
  A water moccasin (Snake:1)
  A necrophage (D:8)
  4 giant spores
  16 fungi
  9 plants
57 creatures vanquished.

Grand Total: 1814 creatures vanquished

Notes
Turn   | Place    | Note
--------------------------------------------------------------
     0 | D:1      | Ratboiler, the Minotaur Fighter, began the quest for the Orb.
     0 | D:1      | Reached XP level 1. HP: 19/19 MP: 1/1
    74 | D:1      | Reached XP level 2. HP: 27/27 MP: 1/1
   173 | D:1      | Reached skill level 4 in Shields
   314 | D:1      | Reached XP level 3. HP: 31/33 MP: 2/2
   794 | D:2      | Reached skill level 1 in Dodging
   868 | D:2      | Reached XP level 4. HP: 38/40 MP: 2/2
  1072 | D:2      | Noticed Sigmund
  1438 | D:3      | Found a sparkling altar of Nemelex Xobeh.
  1445 | D:3      | Reached XP level 5. HP: 46/46 MP: 2/2
  1661 | D:4      | Noticed an ogre
  1667 | D:4      | Killed an ogre
  1667 | D:4      | Reached skill level 5 in Axes
  2037 | D:4      | Found a glowing drain.
  2045 | D:4      | Reached XP level 6. HP: 50/53 MP: 3/3
  2058 | Sewer    | Entered a sewer
  2713 | D:4      | Found a glowing golden altar of the Shining One.
  2717 | D:4      | Found a radiant altar of Vehumet.
  2724 | D:4      | Became a worshipper of the Shining One
  2727 | D:4      | Found an opulent altar of Gozag.
  2730 | D:4      | Found a glowing silver altar of Zin.
  2737 | D:4      | Found a burning altar of Makhleb.
  2954 | D:5      | Entered Level 5 of the Dungeon
  3263 | D:5      | Paralysed by a yellow wasp for 2 turns
  3268 | D:5      | Reached skill level 5 in Fighting
  3268 | D:5      | Reached skill level 5 in Shields
  3431 | D:5      | Reached XP level 7. HP: 59/61 MP: 3/3
  3573 | D:5      | Reached skill level 6 in Axes
  3573 | D:5      | Reached skill level 5 in Armour
  4270 | D:6      | Reached skill level 7 in Axes
  4270 | D:6      | Reached XP level 8. HP: 41/70 MP: 3/3
  4613 | D:6      | Acquired the Shining One's first power
  4931 | D:7      | Reached skill level 8 in Axes
  4951 | D:7      | Noticed Edmund
  4964 | D:7      | Killed Edmund
  5012 | D:7      | Reached skill level 5 in Dodging
  5012 | D:7      | Reached skill level 1 in Evocations
  5029 | D:7      | Found a staircase to the Ecumenical Temple.
  5164 | D:7      | Noticed Joseph
  5166 | D:7      | Reached XP level 9. HP: 74/78 MP: 6/6
  5175 | D:7      | Killed Joseph
  5175 | D:7      | Reached skill level 9 in Axes
  5566 | D:8      | Noticed Psyche
  5577 | D:8      | Killed Psyche
  6358 | D:8      | Found a staircase to the Lair.
  6376 | D:8      | Noticed Pikel
  6410 | D:8      | Noticed Gastronok
  6646 | Lair:1   | Entered Level 1 of the Lair of Beasts
  6646 | Lair:1   | Noticed a komodo dragon
  6664 | Lair:1   | Killed a komodo dragon
  6664 | Lair:1   | Reached skill level 10 in Axes
  6723 | Lair:1   | Reached XP level 10. HP: 72/88 MP: 9/9
  6994 | Lair:1   | Got an ichor-stained spear
  7001 | Lair:1   | Identified the cursed +3 spear of Shruneod {venom, Noisy +Rage rC++} (You found it on level 1 of the Lair of Beasts)
  7062 | Lair:1   | Acquired the Shining One's second power
  7120 | Lair:1   | Noticed ketsa's ghost (experienced GrFi)
  7947 | Lair:2   | Reached skill level 11 in Axes
  7961 | Lair:2   | Found a shadowy altar of Dithmenos.
  7961 | Lair:2   | Noticed an oklob plant
  8886 | Lair:3   | Reached XP level 11. HP: 95/95 MP: 12/12
  9055 | Lair:3   | Noticed a black mamba
  9068 | Lair:3   | Killed a black mamba
  9094 | Lair:3   | HP: 4/95 [poisoned by a black mamba]
  9100 | Lair:3   | HP: 3/95 [poisoned by a black mamba]
  9108 | Lair:3   | HP: 3/95 [poisoned by a black mamba]
  9116 | Lair:3   | HP: 3/95 [poisoned by a black mamba]
  9656 | Lair:3   | Reached skill level 5 in Evocations
  9737 | Lair:3   | Noticed an oklob plant
  9984 | Lair:3   | Killed an oklob plant
 10707 | Lair:4   | Reached skill level 12 in Axes
 11463 | Lair:4   | Found a staircase to the Swamp.
 11472 | Lair:4   | Noticed a catoblepas
 11604 | Lair:5   | Found a frozen archway.
 11640 | IceCv    | Entered an ice cave
 11839 | IceCv    | Reached XP level 12. HP: 88/106 MP: 17/17
 11947 | IceCv    | Reached skill level 10 in Shields
 11953 | IceCv    | Reached skill level 10 in Fighting
 12204 | IceCv    | Reached skill level 1 in Invocations
 12210 | IceCv    | Reached skill level 10 in Armour
 12324 | IceCv    | Noticed an ice statue
 12459 | IceCv    | Killed an ice statue
 12459 | IceCv    | Reached skill level 13 in Axes
 12758 | IceCv    | Noticed a frost giant
 12758 | IceCv    | Acquired the Shining One's third power
 12780 | IceCv    | Killed a frost giant
 13093 | IceCv    | Identified the Incunabulum of Harmful Snow
 13619 | Lair:5   | Found a staircase to the Snake Pit.
 13889 | Lair:5   | Identified Reusink's Handbook of Earth (You found it on level 5 of the Lair of Beasts)
 14217 | Lair:6   | Reached XP level 13. HP: 100/115 MP: 19/19
 14330 | Lair:5   | Reached skill level 14 in Axes
 14330 | Lair:5   | Reached skill level 5 in Invocations
 14931 | Lair:6   | Noticed Maud
 14954 | Lair:6   | Killed Maud
 15684 | Lair:6   | Noticed Snorg
 15707 | Lair:6   | Killed Snorg
 16136 | Lair:6   | Identified a +1 rod of inaccuracy (11/11) (You found it on level 6 of the Lair of Beasts)
 17506 | Lair:7   | Reached skill level 10 in Dodging
 17955 | Lair:7   | Found a viscous altar of Jiyva.
 17955 | Lair:7   | Found a staircase to the Slime Pits.
 18936 | Lair:8   | Entered Level 8 of the Lair of Beasts
 19018 | Lair:8   | Reached skill level 15 in Axes
 19273 | Lair:8   | Reached XP level 14. HP: 37/125 MP: 21/21
 23959 | Lair:1   | Got a smoking marble ring
 24001 | Lair:1   | Noticed Nergalle
 24014 | Lair:1   | Killed Nergalle
 24118 | Lair:1   | Killed ketsa's ghost
 24506 | Lair:1   | Identified the ring of Pset {Wiz +Inv} (You found it on level 1 of the Lair of Beasts)
 24541 | D:8      | Killed Pikel
 24665 | D:8      | Killed Gastronok
 24776 | D:8      | Got a slimy mace
 24781 | D:8      | Identified the cursed -1 mace of Dismay {crush, Str+2} (You found it on level 8 of the Dungeon)
 25344 | D:9      | Found a flagged portal.
 25355 | Bailey   | Entered a bailey
 25355 | Bailey   | Noticed Herrn's ghost (experienced VSFi)
 25369 | Bailey   | Killed Herrn's ghost
 25369 | Bailey   | Reached skill level 16 in Axes
 25827 | Bailey   | Got a polished executioner's axe
 26023 | D:9      | Found an iron altar of Okawaru.
 26024 | D:9      | Found a bloodstained altar of Trog.
 26024 | D:9      | Found a white marble altar of Elyvilon.
 26165 | D:9      | Identified the +8 executioner's axe "Suwkutosk" {vamp, SInv} (You found it in a bailey)
 26416 | D:9      | Found a staircase to the Orcish Mines.
 26534 | Orc:1    | Entered Level 1 of the Orcish Mines
 26560 | Orc:1    | Was placed under penance by the Shining One
 26933 | Orc:1    | Was forgiven by the Shining One
 27496 | Orc:2    | Found a dark tunnel.
 27505 | Volcano  | Entered a volcano
 27755 | Volcano  | Acquired the Shining One's fourth power
 27755 | Volcano  | Reached skill level 1 in Throwing
 28419 | Orc:3    | Reached XP level 15. HP: 98/134 MP: 25/25
 28869 | Orc:4    | Entered Level 4 of the Orcish Mines
 29134 | Orc:4    | Found a staircase to the Elven Halls.
 29250 | Orc:4    | Found Cenaph's Distillery.
 30191 | Orc:4    | Paralysed by an orc sorcerer for 3 turns
 30205 | Orc:4    | Found Kles' Armour Emporium.
 30209 | Orc:4    | Found Gadud's Armour Boutique.
 30214 | Orc:4    | Found Aqanyakk's Book Boutique.
 30239 | Orc:4    | Cenaph's Distillery was a mimic.
 30247 | Orc:4    | Reached skill level 10 in Invocations
 30475 | Swamp:1  | Entered Level 1 of the Swamp
 30865 | Swamp:1  | Noticed Frances
 30887 | Swamp:1  | Killed Frances
 31036 | Swamp:1  | Paralysed by a red wasp for 4 turns
 32859 | Swamp:3  | Was placed under penance by the Shining One
 33592 | Swamp:3  | Was forgiven by the Shining One
 33826 | Swamp:3  | Noticed Mara
 33839 | Swamp:3  | Noticed Ratboiler's illusion
 33865 | Swamp:2  | Noticed a thorn hunter
 34240 | Snake:1  | Entered Level 1 of the Snake Pit
 34240 | Snake:1  | Noticed Kirke
 34246 | Snake:1  | Killed Kirke
 34246 | Snake:1  | Reached skill level 10 in Evocations
 35240 | Snake:1  | Reached XP level 16. HP: 144/144 MP: 27/27
 35682 | Snake:2  | Reached XP level 17. HP: 123/150 MP: 28/28
 37687 | Snake:3  | Reached skill level 5 in Throwing
 38214 | Snake:4  | Reached skill level 17 in Armour
 40784 | Snake:5  | Entered Level 5 of the Snake Pit
 41140 | Elf:1    | Entered Level 1 of the Elven Halls
 42159 | Elf:1    | Reached XP level 18. HP: 161/161 MP: 29/29
 42292 | Elf:1    | Reached skill level 18 in Armour
 42814 | Elf:2    | Found Khyuptol's Antique Armour Shoppe.
 42817 | Elf:2    | Bought a fire dragon armour for 2220 gold pieces
 42817 | Elf:2    | Bought a smoking scale mail for 333 gold pieces
 42829 | Elf:2    | Identified the +10 scale mail of the Orb Guardian {rPois} (You bought it in a shop on level 2 of the Elven Halls)
 43174 | Elf:2    | Reached skill level 15 in Fighting
 43604 | Elf:3    | Entered Level 3 of the Elven Halls
 44982 | Elf:3    | Got a vibrating lapis lazuli ring
 44983 | Elf:3    | Got a dazzling chain mail
 45001 | Elf:3    | Identified the +6 chain mail of the Seven Ghosts {SInv Stlth++} (You took it off a deep elf master archer on level 3 of the Elven Halls)
 45016 | Elf:3    | Identified the ring "Rucly" {MR+ Dex+2 Int-3} (You took it off a deep elf master archer on level 3 of the Elven Halls)
 45169 | Elf:3    | Got a fine glaive
 45218 | Elf:3    | Noticed a Brimstone Fiend
 45233 | Elf:3    | Identified the +7 glaive "Froiz" {chop, Int+3} (You took it off a deep elf high priest on level 3 of the Elven Halls)
 45990 | Elf:3    | Identified the Tome of Beguiling and Protection (You found it on level 3 of the Elven Halls)
 45994 | Elf:3    | Learned a level 2 spell: Swiftness
 46080 | Elf:3    | Identified the Catalogue of Lucky Orientation
 46083 | Elf:3    | Learned a level 1 spell: Apportation
 46771 | Elf:3    | Reached XP level 19. HP: 150/172 MP: 30/30
 47306 | Lair:1   | Identified a scroll of acquirement
 47514 | D:10     | Entered Level 10 of the Dungeon
 48211 | D:11     | Reached skill level 19 in Armour
 48593 | D:11     | Found a shimmering altar of Xom.
 49119 | D:12     | Noticed Urug
 49132 | D:12     | Killed Urug
 51541 | D:14     | Found a corrupted altar of Lugonu.
 51917 | D:14     | Reached skill level 10 in Throwing
 52067 | D:14     | Learned a level 2 spell: Blink
 52070 | D:14     | Learned a level 2 spell: Repel Missiles
 52129 | D:14     | Found a gate to the Vaults.
 52192 | D:15     | Entered Level 15 of the Dungeon
 52199 | D:15     | Found a staircase to the Depths.
 52654 | D:15     | Found Clikas' Jewellery Boutique.
 53309 | Depths:1 | Entered Level 1 of the Depths
 53504 | Depths:1 | Upgraded the game from 0.16-a0-110-ge8ded92 to 0.16-a0-113-gc8d9654
 53792 | Depths:1 | Noticed Liquorice's ghost (mighty CeBe)
 53813 | Depths:1 | Killed Liquorice's ghost
 53813 | Depths:1 | Reached skill level 15 in Dodging
 53891 | Depths:1 | Was placed under penance by the Shining One
 54586 | Depths:1 | Reached XP level 20. HP: 165/184 MP: 31/31
 55333 | Depths:1 | Found a gateway to Hell.
 56864 | Depths:2 | Reached skill level 20 in Armour
 57547 | Depths:2 | Found a gateway to a ziggurat.
 58321 | Depths:2 | Annihilated by a white very ugly thing

Action                   |  1- 3 |  4- 6 |  7- 9 | 10-12 | 13-15 | 16-18 | 19-21 || total
-------------------------+-------+-------+-------+-------+-------+-------+-------++-------
Melee: War axe           |    88 |   201 |   397 |   810 |  2138 |  1463 |  1361 ||  6458
       Executioner's axe |       |       |       |       |     1 |       |       ||     1
Throw: Tomahawk          |       |     1 |       |     1 |    13 |     1 |       ||    16
       Javelin           |       |       |       |       |       |       |     1 ||     1
Invok: Divine Shield     |       |       |       |     1 |     9 |     6 |     3 ||    19
       Summon Divine War |       |       |       |       |       |     1 |     3 ||     4
Evoke: Wand              |       |     1 |     2 |    11 |    42 |     7 |     6 ||    69
       Rod               |       |       |       |       |    24 |     8 |       ||    32
       Lamp of fire      |       |       |       |       |     3 |     3 |     7 ||    13
       Fan of gales      |       |       |       |       |     1 |     1 |     1 ||     3
       Phial of floods   |       |       |       |       |       |       |     2 ||     2
  Use: Scroll            |       |     4 |    13 |     9 |    21 |    10 |    12 ||    69
       Potion            |       |     1 |     3 |     5 |    12 |     1 |     4 ||    26
 Stab: Fleeing           |       |       |       |     1 |       |       |       ||     1
       Distracted        |       |       |       |       |       |     1 |     3 ||     4
  Eat: Chunk             |       |     8 |    11 |    15 |    21 |    16 |     6 ||    77
       Pizza             |       |       |     1 |     4 |     6 |     1 |     2 ||    14
       Beef jerky        |       |       |       |     2 |     3 |     3 |     2 ||    10
       Fruit             |       |       |       |     1 |     3 |     8 |     8 ||    20
       Royal jelly       |       |       |       |     1 |       |     2 |     2 ||     5
       Meat ration       |       |       |       |       |     5 |     3 |     2 ||    10
       Bread ration      |       |       |       |       |     3 |       |       ||     3
